Checkers 1 vs Phantoms

Created - 26 septembre 2023 at 21:11

Goals
1 2 3 T
Checkers 1 0 0 0 0
Phantoms 0 3 4 7
Shots
1 2 3 T
Checkers 1 2 8 11 21
Phantoms 2 12 12 26

GoalsPenalties
1st period
No Goal
Givani Smith (FLO) for Hooking (Minor) at 4:59
2nd period
1. Phantoms , Phil Di Giuseppe 2 (Colt Conrad 1) at 2:55
2. Phantoms , Dean Stewart 1 (Andreas Johnsson 2, Phil Di Giuseppe 2) at 3:07
3. Phantoms , Colt Conrad 1 (Phil Di Giuseppe 3, Kyle MacLean 3) at 17:45
Curtis Douglas (PHI) for Hooking (Minor) at 18:27
3rd period
4. Phantoms , Phil Di Giuseppe 3 (Cole Reinhardt 3) at 9:18
5. Phantoms , Cole Reinhardt 2 (Phil Di Giuseppe 4, Malcolm Subban) at 9:41 (PP)
6. Phantoms , Tuukka Tieksola 1 (Cole Reinhardt 4, Phil Di Giuseppe 5) at 12:23
7. Phantoms , Phil Di Giuseppe 4 (Cole Reinhardt 5, Malcolm Subban) at 14:21 (PP)
Dmitry Ovchinnikov (FLO) for Hooking (Minor) at 5:23
Chase Wouters (PHI) for Fighting (Major) at 9:27
Givani Smith (FLO) for Fighting (Major) at 9:27
Givani Smith (FLO) for instigated a fight (Minor) at 9:27
Givani Smith (FLO) for instigated a fight (10 Minutes Misconduct) at 9:27
Andreas Johnsson (PHI) for Fighting (Major) at 9:42
Tobias Bjornfot (FLO) for Fighting (Major) at 9:42
Andreas Johnsson (PHI) for instigated a fight (Minor) at 9:42
Andreas Johnsson (PHI) for instigated a fight (10 Minutes Misconduct) at 9:42
Semyon Der-Arguchintsev (FLO) for Hooking (Minor) at 9:51
Semyon Der-Arguchintsev (FLO) for Hooking (Minor) at 12:35
Pierre-Cedric Labrie (FLO) for Roughing (Minor) at 16:39
Goalie Stats
Ryan Bednard (FLO), 7 saves from 10 shots - (0,700), 10:42 minutes
Samuel Ersson (FLO), 12 saves from 16 shots - (0,750), L, 1-5-0, 49:18 minutes
Malcolm Subban (PHI), 21 saves from 21 shots - (1,000), W, 1-4-2, 60:00 minutes
3 StarsOfficial
1 - Phil Di Giuseppe (PHI)
2 - Cole Reinhardt (PHI)
3 - Malcolm Subban (PHI)
Referees : Chris Lee and Jestina Vichorek
Linesman : Lisa Linnek and Kaylah Krieger
Game Note
Ryan Bednard enters game at 9:18 of 3rd period
Givani Smith beats up Chase Wouters at 9:27 of 3rd period
Tobias Bjornfot beats up Andreas Johnsson at 9:42 of 3rd period
Phil Di Giuseppe has scored a Hat Trick!



Team Name Goals Shots Shots Attemp Shots Blocked PIM HIT PP PK FO%
Checkers 1 021431032150 / 2 (0%)254%
Phantoms 72654824272 / 6 (33%)046%

Checkers 1
Player Name POS G A P +/- PIM HIT SHT SB MP PP MP PP SHT PK MP PK SHT FO% FOT GA TA
Alex GreenD000-100006:130:0000:0000% 000
Austin PoganskiRW000-2021020:111:2000:2600% 111
Axel AnderssonD000-100006:130:0000:0000% 000
Chase PriskieD000-100009:320:0000:0000% 001
Devante StephensD000-2010112:580:0901:0900% 000
Dmitry OvchinnikovC/LW/RW000-1210017:120:0001:2700% 100
Givani SmithLW/RW000-21903119:561:2410:52050% 400
Isaak PhillipsD0000000018:340:4603:0600% 001
Jack FinleyC000000000:000:0000:0000% 000
Martin ChromiakRW000-1017018:540:0800:0500% 000
Maxence GuenetteD0000011118:340:4603:0600% 001
Mitchell StephensC000-4013123:221:2004:53052% 3100
Pavel DorofeyevC0000002213:330:0001:36067% 900
Pierre-Cedric LabrieLW000-2221018:510:4803:20067% 301
Sean DayD000-3012226:491:2205:0010% 020
Semyon Der-ArguchintsevC000-2411020:540:3502:28056% 910
Tobias BjornfotD000-2520122:211:1303:5100% 012
Tyson FoersterC/RW000-1020115:500:4801:050100% 100
Phantoms
Player Name POS G A P +/- PIM HIT SHT SB MP PP MP PP SHT PK MP PK SHT FO% FOT GA TA
Aaron NessD0001021227:445:1301:3700% 001
Andreas JohnssonLW/RW01121701116:252:1701:170100% 100
Chase WoutersC0002501016:352:5000:00044% 1820
Cole KoepkeLW/RW000200008:420:2200:00050% 210
Cole ReinhardtLW1341024118:373:1410:00033% 610
Colt ConradC112202118:460:1900:36050% 400
Curtis DouglasC0000231013:270:0000:09040% 500
Dean StewartD1012011018:182:5300:3100% 001
Eric WilliamsD0002010013:240:0000:0000% 000
Frank HoraD0002010013:240:0000:0000% 000
Garrett WilsonLW0000043117:322:4200:420100% 100
Kyle MacLeanC0110030015:502:2700:00033% 900
Layton AhacD000000004:380:0000:0000% 000
Phil Di GiuseppeLW3475027026:585:0221:28054% 1320
Riley BarberRW0000000016:522:4300:0400% 001
Steven SantiniD0001031124:535:1301:3700% 001
Tuukka TieksolaRW1011014016:152:2210:0000% 011
Wyatte WylieD0002021117:392:5310:3100% 000

Checkers 1

5 vs 5 Forward
Line #Left WingCenterRight WingPHYDFOFWanted %Time %Time Play
1Givani SmithMitchell StephensAustin Poganski1224030%14:33
2Pierre-Cedric LabrieGivani SmithTyson Foerster1223027%12:59
3Dmitry OvchinnikovSemyon Der-ArguchintsevMartin Chromiak1222030%14:20
4Givani SmithPavel DorofeyevAustin Poganski1221013%6:04
5 vs 5 Defense
Line #DefenseDefensePHYDFOFWanted %Time %Time Play
1Tobias BjornfotSean Day1224039%18:43
2Isaak PhillipsMaxence Guenette1223030%14:26
3Chase PriskieDevante Stephens1222018%8:34
4Alex GreenAxel Andersson1221013%6:13
Power Play Forward
Line #Left WingCenterRight WingPHYDFOFWanted %Time %Time Play
1Givani SmithMitchell StephensAustin Poganski1226063%1:20
2Pierre-Cedric LabrieGivani SmithTyson Foerster1224038%0:48
Power Play Defense
Line #DefenseDefensePHYDFOFWanted %Time %Time Play
1Tobias BjornfotSean Day1226064%1:22
2Isaak PhillipsMaxence Guenette1224036%0:46
Penalty Kill 4 Players Forward
Line #CenterWingPHYDFOFWanted %Time %Time Play
1Mitchell StephensGivani Smith1226088%7:08
2Tyson FoersterPierre-Cedric Labrie1224012%0:58
Penalty Kill 4 Players Defense
Line #DefenseDefensePHYDFOFWanted %Time %Time Play
1Tobias BjornfotSean Day1226062%5:00
2Isaak PhillipsMaxence Guenette1224038%3:06
Penalty Kill 3 Players
Line #WingPHYDFOFWanted %Time %Time PlayDefenseDefensePHYDFOFWanted %Time %Time Play
1Mitchell Stephens122600%0:00 Tobias BjornfotSean Day122600%0:00
2Tyson Foerster122400%0:00 Isaak PhillipsMaxence Guenette122400%0:00
4 vs 4 Forward
Line #CenterWingPHYDFOFWanted %Time %Time Play
1Mitchell StephensGivani Smith12260100%1:50
2Tyson FoersterPierre-Cedric Labrie122400%0:00
4 vs 4 Defense
Line #DefensePHYDFOFWanted %Time %Time Play
1Tobias BjornfotSean Day1226085%60% - 1:34
2Isaak PhillipsMaxence Guenette1224015%40% - 0:16
Last Minutes Offensive
Left WingCenterRight WingDefenseDefense
Givani SmithMitchell StephensAustin PoganskiTobias BjornfotSean Day
Last Minutes Defensive
Left WingCenterRight WingDefenseDefense
Givani SmithMitchell StephensAustin PoganskiTobias BjornfotSean Day
Time
Total ForwardTotal DefenseLast Minutes OffensiveLast Minutes Defensive
60:00 60:00 0:000:00
Extra Forwards
Normal PowerPlayPenalty Kill
Semyon Der-Arguchintsev, Martin Chromiak, Pavel DorofeyevSemyon Der-Arguchintsev, Martin ChromiakSemyon Der-Arguchintsev
Extra Defensemen
Normal PowerPlayPenalty Kill
Devante Stephens, Alex Green, Axel AnderssonDevante Stephens, Devante StephensAlex Green
Penalty Shots
Givani Smith, Mitchell Stephens, Austin Poganski, Tyson Foerster, Semyon Der-Arguchintsev
Goalie
Samuel Ersson, Ryan Bednard
Scratches
Mason Millman (Healthy), Luke Henman (Healthy), Mikael Pyyhtia (Healthy), Tommy Nappier (Healthy)

Phantoms

5 vs 5 Forward
Line #Left WingCenterRight WingPHYDFOFWanted %Time %Time Play
1Phil Di GiuseppeChase WoutersAndreas Johnsson1224032%15:31
2Garrett WilsonKyle MacLeanRiley Barber1223028%13:29
3Cole ReinhardtCurtis DouglasTuukka Tieksola1222024%11:40
4Cole KoepkeColt ConradPhil Di Giuseppe1221015%7:16
5 vs 5 Defense
Line #DefenseDefensePHYDFOFWanted %Time %Time Play
1Aaron NessSteven Santini1224035%16:37
2Dean StewartWyatte Wylie1223030%14:30
3Frank HoraEric Williams1222028%13:24
4Layton AhacAaron Ness122107%3:25
Power Play Forward
Line #Left WingCenterRight WingPHYDFOFWanted %Time %Time Play
1Phil Di GiuseppeChase WoutersAndreas Johnsson1226069%5:37
2Garrett WilsonKyle MacLeanRiley Barber1224031%2:29
Power Play Defense
Line #DefenseDefensePHYDFOFWanted %Time %Time Play
1Aaron NessSteven Santini1226064%5:13
2Dean StewartWyatte Wylie1224036%2:53
Penalty Kill 4 Players Forward
Line #CenterWingPHYDFOFWanted %Time %Time Play
1Phil Di GiuseppeAndreas Johnsson1226097%2:04
2Garrett WilsonRiley Barber122403%0:04
Penalty Kill 4 Players Defense
Line #DefenseDefensePHYDFOFWanted %Time %Time Play
1Aaron NessSteven Santini1226076%1:37
2Dean StewartWyatte Wylie1224024%0:31
Penalty Kill 3 Players
Line #WingPHYDFOFWanted %Time %Time PlayDefenseDefensePHYDFOFWanted %Time %Time Play
1Phil Di Giuseppe122600%0:00 Aaron NessSteven Santini122600%0:00
2Andreas Johnsson122400%0:00 Dean StewartWyatte Wylie122400%0:00
4 vs 4 Forward
Line #CenterWingPHYDFOFWanted %Time %Time Play
1Phil Di GiuseppeAndreas Johnsson12260100%1:50
2Garrett WilsonRiley Barber122400%0:00
4 vs 4 Defense
Line #DefensePHYDFOFWanted %Time %Time Play
1Aaron NessSteven Santini1226078%60% - 1:26
2Dean StewartWyatte Wylie1224022%40% - 0:24
Last Minutes Offensive
Left WingCenterRight WingDefenseDefense
Phil Di GiuseppeChase WoutersAndreas JohnssonAaron NessSteven Santini
Last Minutes Defensive
Left WingCenterRight WingDefenseDefense
Phil Di GiuseppeChase WoutersAndreas JohnssonAaron NessSteven Santini
Time
Total ForwardTotal DefenseLast Minutes OffensiveLast Minutes Defensive
60:00 60:00 0:000:00
Extra Forwards
Normal PowerPlayPenalty Kill
Cole Reinhardt, Tuukka Tieksola, Curtis DouglasCole Reinhardt, Tuukka TieksolaCurtis Douglas
Extra Defensemen
Normal PowerPlayPenalty Kill
Frank Hora, Eric Williams, Layton AhacFrank Hora, Eric WilliamsLayton Ahac
Penalty Shots
Phil Di Giuseppe, Andreas Johnsson, Garrett Wilson, Riley Barber, Chase Wouters
Goalie
Malcolm Subban, Matthew Villalta
Scratches
David Cotton (Healthy), Erik Brown (Healthy), Danick Martel (Healthy), Liam Kirk (Healthy), Ken Appleby (Healthy) Daniel Mannella (Healthy)


Play-by-Play

1st period


0:01 of 1st period - Mitchell Stephens wins face-off versus Chase Wouters in neutral zone.
0:16 of 1st period - Wrist shot by Givani Smith.
0:16 of 1st period - Stopped by Malcolm Subban without a rebound.
0:17 of 1st period - Garrett Wilson wins face-off versus Givani Smith in Phantoms zone.
2:14 of 1st period - Snap shot by Austin Poganski.
2:14 of 1st period - Shot Misses the Net.
3:02 of 1st period - Tyson Foerster is hit by Garrett Wilson and loses puck.
3:43 of 1st period - Off-side.
3:44 of 1st period - Mitchell Stephens wins face-off versus Colt Conrad in neutral zone.
4:40 of 1st period - Snap shot by Tuukka Tieksola.
4:40 of 1st period - Shot Misses the Net.
4:42 of 1st period - Slapshot by Aaron Ness.
4:42 of 1st period - Deflect By Cole Reinhardt.
4:42 of 1st period - Shot Misses the Net.
4:42 of 1st period - Puck is out of play.
4:43 of 1st period - Pavel Dorofeyev wins face-off versus Curtis Douglas in Checkers 1 zone.
4:56 of 1st period - Snap shot by Cole Reinhardt.
4:56 of 1st period - Stopped by Samuel Ersson without a rebound.
4:57 of 1st period - Pierre-Cedric Labrie wins face-off versus Chase Wouters in Checkers 1 zone.
4:59 of 1st period - Minor Penalty to Givani Smith for Hooking.
5:00 of 1st period - Mitchell Stephens wins face-off versus Chase Wouters in Checkers 1 zone.
6:59 of 1st period - Penalty to Givani Smith is over, Givani Smith is back on ice.
7:00 of 1st period - Tobias Bjornfot is hit by Wyatte Wylie and loses puck.
7:44 of 1st period - Martin Chromiak is hit by Eric Williams and loses puck.
9:45 of 1st period - Garrett Wilson is hit by Semyon Der-Arguchintsev and loses puck.
10:04 of 1st period - Eric Williams is hit by Mitchell Stephens and loses puck.
10:45 of 1st period - Semyon Der-Arguchintsev is hit by Curtis Douglas and loses puck.
12:12 of 1st period - Pierre-Cedric Labrie is hit by Dean Stewart and loses puck.
12:46 of 1st period - Icing by Devante Stephens.
12:47 of 1st period - Semyon Der-Arguchintsev wins face-off versus Kyle MacLean in Checkers 1 zone.
13:54 of 1st period - Pierre-Cedric Labrie is hit by Frank Hora and loses puck.
14:36 of 1st period - Icing by Pavel Dorofeyev.
14:37 of 1st period - Colt Conrad wins face-off versus Pavel Dorofeyev in Checkers 1 zone.
15:29 of 1st period - Off-side.
15:30 of 1st period - Kyle MacLean wins face-off versus Semyon Der-Arguchintsev in neutral zone.
16:28 of 1st period - Dmitry Ovchinnikov is hit by Kyle MacLean.
16:50 of 1st period - Cole Reinhardt is hit by Austin Poganski and loses puck.
17:20 of 1st period - Wrist shot by Kyle MacLean.
17:20 of 1st period - Shot Misses the Net.
17:29 of 1st period - Icing by Wyatte Wylie.
17:30 of 1st period - Semyon Der-Arguchintsev wins face-off versus Chase Wouters in Phantoms zone.
17:37 of 1st period - Andreas Johnsson is hit by Devante Stephens.
17:56 of 1st period - Snap shot by Riley Barber.
17:56 of 1st period - Shot Blocked by Givani Smith.
17:58 of 1st period - Wrist shot by Garrett Wilson.
17:58 of 1st period - Stopped by Samuel Ersson with a rebound.
18:00 of 1st period - Slapshot by Riley Barber.
18:00 of 1st period - Shot Misses the Net.
18:02 of 1st period - Wrist shot by Garrett Wilson.
18:02 of 1st period - Deflect By Kyle MacLean.
18:02 of 1st period - Shot Hit the Post.
18:02 of 1st period - Puck is out of play.
18:03 of 1st period - Givani Smith wins face-off versus Chase Wouters in Checkers 1 zone.
18:43 of 1st period - Snap shot by Mitchell Stephens.
18:43 of 1st period - Deflect By Austin Poganski.
18:43 of 1st period - Stopped by Malcolm Subban with a rebound.
19:19 of 1st period - Slapshot by Andreas Johnsson.
19:19 of 1st period - Shot Misses the Net.
Goals for this period are 0 for Checkers 1 vs 0 for Phantoms.
Shots for this period are 2 for Checkers 1 vs 2 for Phantoms.

2nd period


0:01 of 2nd period - Andreas Johnsson wins face-off versus Mitchell Stephens in neutral zone.
0:32 of 2nd period - Wrist shot by Martin Chromiak.
0:32 of 2nd period - Shot Blocked by Steven Santini.
0:59 of 2nd period - Backhand shot by Phil Di Giuseppe.
0:59 of 2nd period - Stopped by Samuel Ersson without a rebound.
1:00 of 2nd period - Mitchell Stephens wins face-off versus Kyle MacLean in Checkers 1 zone.
1:00 of 2nd period - Mitchell Stephens is hit by Garrett Wilson.
1:08 of 2nd period - Kyle MacLean is hit by Tobias Bjornfot and loses puck.
1:23 of 2nd period - Wyatte Wylie is hit by Martin Chromiak and loses puck.
1:27 of 2nd period - Icing by Wyatte Wylie.
1:28 of 2nd period - Curtis Douglas wins face-off versus Semyon Der-Arguchintsev in Phantoms zone.
1:37 of 2nd period - Snap shot by Tuukka Tieksola.
1:37 of 2nd period - Shot Misses the Net.
1:45 of 2nd period - Snap shot by Martin Chromiak.
1:45 of 2nd period - Shot Misses the Net.
1:47 of 2nd period - Wrist shot by Semyon Der-Arguchintsev.
1:47 of 2nd period - Stopped by Malcolm Subban without a rebound.
1:48 of 2nd period - Chase Wouters wins face-off versus Mitchell Stephens in Phantoms zone.
1:59 of 2nd period - Wrist shot by Givani Smith.
1:59 of 2nd period - Shot Blocked by Andreas Johnsson.
2:33 of 2nd period - Wrist shot by Tuukka Tieksola.
2:33 of 2nd period - Stopped by Samuel Ersson with a rebound.
2:49 of 2nd period - Snap shot by Cole Koepke.
2:49 of 2nd period - Shot Blocked by Mitchell Stephens.
2:51 of 2nd period - Snap shot by Phil Di Giuseppe.
2:51 of 2nd period - Stopped by Samuel Ersson without a rebound.
2:52 of 2nd period - Colt Conrad wins face-off versus Austin Poganski in Checkers 1 zone.
2:53 of 2nd period - Slapshot by Phil Di Giuseppe.
2:53 of 2nd period - Stopped by Samuel Ersson with a rebound.
2:55 of 2nd period - Wrist shot by Phil Di Giuseppe.
2:55 of 2nd period - Goal by Phil Di Giuseppe - Checkers 1 : 0 - Phantoms : 1.
2:56 of 2nd period - Chase Wouters wins face-off versus Givani Smith in neutral zone.
3:03 of 2nd period - Snap shot by Andreas Johnsson.
3:03 of 2nd period - Stopped by Samuel Ersson with a rebound.
3:05 of 2nd period - Slapshot by Dean Stewart.
3:05 of 2nd period - Shot Blocked by Sean Day.
3:07 of 2nd period - Slapshot by Dean Stewart.
3:07 of 2nd period - Goal by Dean Stewart - Checkers 1 : 0 - Phantoms : 2.
3:08 of 2nd period - Mitchell Stephens wins face-off versus Chase Wouters in neutral zone.
3:21 of 2nd period - Snap shot by Mitchell Stephens.
3:21 of 2nd period - Stopped by Malcolm Subban without a rebound.
3:22 of 2nd period - Mitchell Stephens wins face-off versus Chase Wouters in Phantoms zone.
3:23 of 2nd period - Wrist shot by Givani Smith.
3:23 of 2nd period - Stopped by Malcolm Subban without a rebound.
3:24 of 2nd period - Chase Wouters wins face-off versus Mitchell Stephens in Phantoms zone.
4:10 of 2nd period - Curtis Douglas is hit by Tobias Bjornfot and loses puck.
5:24 of 2nd period - Slapshot by Curtis Douglas.
5:24 of 2nd period - Stopped by Samuel Ersson with a rebound.
5:50 of 2nd period - Wyatte Wylie is hit by Dmitry Ovchinnikov and loses puck.
6:29 of 2nd period - Icing by Maxence Guenette.
6:30 of 2nd period - Semyon Der-Arguchintsev wins face-off versus Kyle MacLean in Checkers 1 zone.
6:45 of 2nd period - Snap shot by Givani Smith.
6:45 of 2nd period - Shot Misses the Net.
7:35 of 2nd period - Sean Day is hit by Cole Reinhardt and loses puck.
7:56 of 2nd period - Devante Stephens is hit by Kyle MacLean and loses puck.
8:32 of 2nd period - Austin Poganski is hit by Curtis Douglas and loses puck.
9:20 of 2nd period - Tyson Foerster is hit by Steven Santini and loses puck.
9:31 of 2nd period - Tobias Bjornfot is hit by Colt Conrad and loses puck.
9:58 of 2nd period - Pavel Dorofeyev is hit by Cole Reinhardt and loses puck.
10:21 of 2nd period - Icing by Kyle MacLean.
10:22 of 2nd period - Chase Wouters wins face-off versus Semyon Der-Arguchintsev in Phantoms zone.
11:27 of 2nd period - Slapshot by Aaron Ness.
11:27 of 2nd period - Stopped by Samuel Ersson without a rebound.
11:28 of 2nd period - Cole Koepke wins face-off versus Mitchell Stephens in Checkers 1 zone.
12:20 of 2nd period - Isaak Phillips is hit by Aaron Ness and loses puck.
12:45 of 2nd period - Backhand shot by Garrett Wilson.
12:45 of 2nd period - Shot Misses the Net.
13:10 of 2nd period - Icing by Curtis Douglas.
13:11 of 2nd period - Pavel Dorofeyev wins face-off versus Curtis Douglas in Phantoms zone.
13:14 of 2nd period - Wrist shot by Pavel Dorofeyev.
13:14 of 2nd period - Shot Misses the Net.
13:16 of 2nd period - Snap shot by Pavel Dorofeyev.
13:16 of 2nd period - Stopped by Malcolm Subban without a rebound.
13:17 of 2nd period - Curtis Douglas wins face-off versus Pavel Dorofeyev in Phantoms zone.
13:30 of 2nd period - Off-side.
13:31 of 2nd period - Givani Smith wins face-off versus Chase Wouters in neutral zone.
13:40 of 2nd period - Wrist shot by Givani Smith.
13:40 of 2nd period - Shot Hit the Post.
13:46 of 2nd period - Snap shot by Givani Smith.
13:46 of 2nd period - Shot Misses the Net.
13:53 of 2nd period - Icing by Aaron Ness.
13:54 of 2nd period - Semyon Der-Arguchintsev wins face-off versus Kyle MacLean in Phantoms zone.
13:55 of 2nd period - Snap shot by Martin Chromiak.
13:55 of 2nd period - Stopped by Malcolm Subban without a rebound.
13:56 of 2nd period - Kyle MacLean wins face-off versus Semyon Der-Arguchintsev in Phantoms zone.
14:26 of 2nd period - Steven Santini is hit by Sean Day and loses puck.
14:47 of 2nd period - Icing by Cole Reinhardt.
14:48 of 2nd period - Semyon Der-Arguchintsev wins face-off versus Curtis Douglas in Phantoms zone.
14:49 of 2nd period - Slapshot by Martin Chromiak.
14:49 of 2nd period - Stopped by Malcolm Subban with a rebound.
14:51 of 2nd period - Wrist shot by Martin Chromiak.
14:51 of 2nd period - Shot Blocked by Cole Reinhardt.
14:53 of 2nd period - Slapshot by Semyon Der-Arguchintsev.
14:53 of 2nd period - Shot Misses the Net.
14:55 of 2nd period - Wrist shot by Martin Chromiak.
14:55 of 2nd period - Stopped by Malcolm Subban with a rebound.
14:57 of 2nd period - Slapshot by Isaak Phillips.
14:57 of 2nd period - Deflect By Semyon Der-Arguchintsev.
14:57 of 2nd period - Shot Misses the Net.
14:57 of 2nd period - Puck is out of play.
14:58 of 2nd period - Chase Wouters wins face-off versus Mitchell Stephens in Phantoms zone.
15:23 of 2nd period - Isaak Phillips is hit by Aaron Ness and loses puck.
15:28 of 2nd period - Snap shot by Kyle MacLean.
15:28 of 2nd period - Shot Misses the Net.
15:30 of 2nd period - Snap shot by Garrett Wilson.
15:30 of 2nd period - Stopped by Samuel Ersson without a rebound.
15:31 of 2nd period - Chase Wouters wins face-off versus Mitchell Stephens in Checkers 1 zone.
16:08 of 2nd period - Sean Day is hit by Garrett Wilson and loses puck.
17:09 of 2nd period - Chase Wouters is hit by Pierre-Cedric Labrie and loses puck.
17:22 of 2nd period - Dmitry Ovchinnikov is hit by Tuukka Tieksola and loses puck.
17:41 of 2nd period - Slapshot by Phil Di Giuseppe.
17:41 of 2nd period - Shot Misses the Net.
17:43 of 2nd period - Wrist shot by Phil Di Giuseppe.
17:43 of 2nd period - Shot Misses the Net.
17:45 of 2nd period - Wrist shot by Colt Conrad.
17:45 of 2nd period - Goal by Colt Conrad - Checkers 1 : 0 - Phantoms : 3.
17:46 of 2nd period - Chase Wouters wins face-off versus Mitchell Stephens in neutral zone.
18:18 of 2nd period - Snap shot by Kyle MacLean.
18:18 of 2nd period - Deflect By Garrett Wilson.
18:18 of 2nd period - Stopped by Samuel Ersson with a rebound.
18:27 of 2nd period - Minor Penalty to Curtis Douglas for Hooking.
18:28 of 2nd period - Phil Di Giuseppe wins face-off versus Mitchell Stephens in Phantoms zone.
18:44 of 2nd period - Wrist shot by Givani Smith.
18:44 of 2nd period - Stopped by Malcolm Subban with a rebound.
Goals for this period are 0 for Checkers 1 vs 3 for Phantoms.
Shots for this period are 8 for Checkers 1 vs 12 for Phantoms.

3rd period


0:01 of 3rd period - Mitchell Stephens wins face-off versus Phil Di Giuseppe in neutral zone.
0:16 of 3rd period - Snap shot by Givani Smith.
0:16 of 3rd period - Shot Misses the Net.
0:27 of 3rd period - Penalty to Curtis Douglas is over, Curtis Douglas is back on ice.
0:41 of 3rd period - Snap shot by Steven Santini.
0:41 of 3rd period - Stopped by Samuel Ersson with a rebound.
1:18 of 3rd period - Semyon Der-Arguchintsev is hit by Curtis Douglas and loses puck.
1:41 of 3rd period - Slapshot by Wyatte Wylie.
1:41 of 3rd period - Shot Blocked by Tyson Foerster.
4:09 of 3rd period - Icing by Dmitry Ovchinnikov.
4:10 of 3rd period - Cole Reinhardt wins face-off versus Dmitry Ovchinnikov in Checkers 1 zone.
4:13 of 3rd period - Snap shot by Cole Reinhardt.
4:13 of 3rd period - Shot Blocked by Maxence Guenette.
4:51 of 3rd period - Pierre-Cedric Labrie is hit by Colt Conrad and loses puck.
4:58 of 3rd period - Aaron Ness is hit by Tyson Foerster and loses puck.
5:23 of 3rd period - Minor Penalty to Dmitry Ovchinnikov for Hooking.
5:24 of 3rd period - Mitchell Stephens wins face-off versus Phil Di Giuseppe in Checkers 1 zone.
6:36 of 3rd period - Wyatte Wylie is hit by Pierre-Cedric Labrie and loses puck.
6:59 of 3rd period - Pierre-Cedric Labrie is hit by Kyle MacLean.
7:19 of 3rd period - Kyle MacLean is hit by Austin Poganski and loses puck.
7:23 of 3rd period - Penalty to Dmitry Ovchinnikov is over, Dmitry Ovchinnikov is back on ice.
7:47 of 3rd period - Off-side.
7:48 of 3rd period - Pavel Dorofeyev wins face-off versus Colt Conrad in neutral zone.
7:51 of 3rd period - Backhand shot by Chase Priskie.
7:51 of 3rd period - Shot Blocked by Colt Conrad.
7:53 of 3rd period - Wrist shot by Martin Chromiak.
7:53 of 3rd period - Deflect By Pavel Dorofeyev.
7:53 of 3rd period - Stopped by Malcolm Subban without a rebound.
7:54 of 3rd period - Pavel Dorofeyev wins face-off versus Chase Wouters in Phantoms zone.
8:03 of 3rd period - Austin Poganski is hit by Steven Santini and loses puck.
8:08 of 3rd period - Wrist shot by Phil Di Giuseppe.
8:08 of 3rd period - Shot Blocked by Pavel Dorofeyev.
8:45 of 3rd period - Sean Day is hit by Garrett Wilson and loses puck.
9:18 of 3rd period - Slapshot by Phil Di Giuseppe.
9:18 of 3rd period - Goal by Phil Di Giuseppe - Checkers 1 : 0 - Phantoms : 4.
9:18 of 3rd period - Ryan Bednard enters game.
9:19 of 3rd period - Chase Wouters wins face-off versus Mitchell Stephens in neutral zone.
9:27 of 3rd period - Givani Smith beats up Chase Wouters.
9:27 of 3rd period - Penalty to Chase Wouters for Fighting.
9:27 of 3rd period - Penalty to Givani Smith for Fighting.
9:27 of 3rd period - Penalty to Givani Smith for instigated a fight.
9:27 of 3rd period - Penalty to Givani Smith for instigated a fight.
9:28 of 3rd period - Mitchell Stephens wins face-off versus Phil Di Giuseppe in Checkers 1 zone.
9:41 of 3rd period - Snap shot by Cole Reinhardt.
9:41 of 3rd period - Goal by Cole Reinhardt - Checkers 1 : 0 - Phantoms : 5.
9:42 of 3rd period - Mitchell Stephens wins face-off versus Cole Reinhardt in neutral zone.
9:42 of 3rd period - Tobias Bjornfot beats up Andreas Johnsson.
9:42 of 3rd period - Penalty to Andreas Johnsson for Fighting.
9:42 of 3rd period - Penalty to Tobias Bjornfot for Fighting.
9:42 of 3rd period - Penalty to Andreas Johnsson for instigated a fight.
9:42 of 3rd period - Penalty to Andreas Johnsson for instigated a fight.
9:43 of 3rd period - Phil Di Giuseppe wins face-off versus Mitchell Stephens in neutral zone.
9:51 of 3rd period - Minor Penalty to Semyon Der-Arguchintsev for Hooking.
9:52 of 3rd period - Phil Di Giuseppe wins face-off versus Mitchell Stephens in Checkers 1 zone.
9:52 of 3rd period - Wrist shot by Cole Reinhardt.
9:52 of 3rd period - Shot Misses the Net.
10:00 of 3rd period - Snap shot by Mitchell Stephens.
10:00 of 3rd period - Stopped by Malcolm Subban with a rebound.
10:02 of 3rd period - Wrist shot by Mitchell Stephens.
10:02 of 3rd period - Shot Blocked by Aaron Ness.
10:04 of 3rd period - Slapshot by Mitchell Stephens.
10:04 of 3rd period - Stopped by Malcolm Subban without a rebound.
10:05 of 3rd period - Mitchell Stephens wins face-off versus Phil Di Giuseppe in Phantoms zone.
10:06 of 3rd period - Slapshot by Sean Day.
10:06 of 3rd period - Shot Blocked by Aaron Ness.
10:52 of 3rd period - Snap shot by Martin Chromiak.
10:52 of 3rd period - Stopped by Malcolm Subban with a rebound.
10:54 of 3rd period - Snap shot by Martin Chromiak.
10:54 of 3rd period - Deflect By Pierre-Cedric Labrie.
10:54 of 3rd period - Shot Misses the Net.
10:54 of 3rd period - Puck is out of play.
10:55 of 3rd period - Pierre-Cedric Labrie wins face-off versus Phil Di Giuseppe in Phantoms zone.
11:00 of 3rd period - Slapshot by Martin Chromiak.
11:00 of 3rd period - Stopped by Malcolm Subban without a rebound.
11:01 of 3rd period - Mitchell Stephens wins face-off versus Cole Reinhardt in Phantoms zone.
11:06 of 3rd period - Snap shot by Martin Chromiak.
11:06 of 3rd period - Stopped by Malcolm Subban with a rebound.
11:08 of 3rd period - Slapshot by Maxence Guenette.
11:08 of 3rd period - Stopped by Malcolm Subban with a rebound.
11:10 of 3rd period - Snap shot by Martin Chromiak.
11:10 of 3rd period - Deflect By Cole Reinhardt.
11:10 of 3rd period - Stopped by Malcolm Subban without a rebound.
11:11 of 3rd period - Phil Di Giuseppe wins face-off versus Mitchell Stephens in Phantoms zone.
11:17 of 3rd period - Off-side.
11:18 of 3rd period - Phil Di Giuseppe wins face-off versus Mitchell Stephens in neutral zone.
11:21 of 3rd period - Snap shot by Cole Reinhardt.
11:21 of 3rd period - Stopped by Ryan Bednard with a rebound.
11:25 of 3rd period - Snap shot by Cole Reinhardt.
11:25 of 3rd period - Stopped by Ryan Bednard without a rebound.
11:26 of 3rd period - Phil Di Giuseppe wins face-off versus Mitchell Stephens in Checkers 1 zone.
11:41 of 3rd period - Snap shot by Cole Reinhardt.
11:41 of 3rd period - Shot Misses the Net.
11:42 of 3rd period - Penalty to Andreas Johnsson is over, Tuukka Tieksola is send on ice.
11:51 of 3rd period - Penalty to Semyon Der-Arguchintsev is over, Semyon Der-Arguchintsev is back on ice.
12:05 of 3rd period - Wrist shot by Phil Di Giuseppe.
12:05 of 3rd period - Shot Misses the Net.
12:13 of 3rd period - Wrist shot by Tuukka Tieksola.
12:13 of 3rd period - Stopped by Ryan Bednard with a rebound.
12:15 of 3rd period - Snap shot by Cole Reinhardt.
12:15 of 3rd period - Shot Blocked by Sean Day.
12:21 of 3rd period - Snap shot by Cole Reinhardt.
12:21 of 3rd period - Shot Misses the Net.
12:23 of 3rd period - Snap shot by Tuukka Tieksola.
12:23 of 3rd period - Goal by Tuukka Tieksola - Checkers 1 : 0 - Phantoms : 6.
12:24 of 3rd period - Pavel Dorofeyev wins face-off versus Kyle MacLean in neutral zone.
12:32 of 3rd period - Dean Stewart is hit by Maxence Guenette and loses puck.
12:35 of 3rd period - Minor Penalty to Semyon Der-Arguchintsev for Hooking.
12:36 of 3rd period - Phil Di Giuseppe wins face-off versus Pierre-Cedric Labrie in Checkers 1 zone.
12:37 of 3rd period - Snap shot by Tuukka Tieksola.
12:37 of 3rd period - Stopped by Ryan Bednard without a rebound.
12:38 of 3rd period - Mitchell Stephens wins face-off versus Cole Reinhardt in Checkers 1 zone.
12:38 of 3rd period - Mitchell Stephens is hit by Phil Di Giuseppe.
12:50 of 3rd period - Backhand shot by Sean Day.
12:50 of 3rd period - Stopped by Malcolm Subban without a rebound.
12:51 of 3rd period - Mitchell Stephens wins face-off versus Cole Reinhardt in Phantoms zone.
12:57 of 3rd period - Off-side.
12:58 of 3rd period - Cole Reinhardt wins face-off versus Mitchell Stephens in neutral zone.
13:21 of 3rd period - Snap shot by Aaron Ness.
13:21 of 3rd period - Deflect By Phil Di Giuseppe.
13:21 of 3rd period - Stopped by Ryan Bednard with a rebound.
14:21 of 3rd period - Slapshot by Phil Di Giuseppe.
14:21 of 3rd period - Goal by Phil Di Giuseppe - Checkers 1 : 0 - Phantoms : 7.
14:22 of 3rd period - Pavel Dorofeyev wins face-off versus Kyle MacLean in neutral zone.
14:31 of 3rd period - Slapshot by Garrett Wilson.
14:31 of 3rd period - Shot Blocked by Devante Stephens.
15:08 of 3rd period - Snap shot by Austin Poganski.
15:08 of 3rd period - Shot Blocked by Garrett Wilson.
15:36 of 3rd period - Frank Hora is hit by Tyson Foerster and loses puck.
16:39 of 3rd period - Minor Penalty to Pierre-Cedric Labrie for Roughing.
16:40 of 3rd period - Mitchell Stephens wins face-off versus Chase Wouters in Checkers 1 zone.
17:17 of 3rd period - Sean Day is hit by Phil Di Giuseppe and loses puck.
17:28 of 3rd period - Sean Day is hit by Wyatte Wylie and loses puck.
18:23 of 3rd period - Wrist shot by Cole Reinhardt.
18:23 of 3rd period - Shot Misses the Net.
18:25 of 3rd period - Snap shot by Wyatte Wylie.
18:25 of 3rd period - Stopped by Ryan Bednard without a rebound.
18:26 of 3rd period - Tyson Foerster wins face-off versus Cole Koepke in Checkers 1 zone.
18:39 of 3rd period - Penalty to Pierre-Cedric Labrie is over, Pierre-Cedric Labrie is back on ice.
18:46 of 3rd period - Slapshot by Tyson Foerster.
18:46 of 3rd period - Shot Misses the Net.
18:48 of 3rd period - Slapshot by Alex Green.
18:48 of 3rd period - Shot Misses the Net.
18:50 of 3rd period - Wrist shot by Pierre-Cedric Labrie.
18:50 of 3rd period - Stopped by Malcolm Subban with a rebound.
18:52 of 3rd period - Wrist shot by Martin Chromiak.
18:52 of 3rd period - Shot Misses the Net.
18:54 of 3rd period - Snap shot by Alex Green.
18:54 of 3rd period - Shot Blocked by Wyatte Wylie.
19:06 of 3rd period - Snap shot by Chase Wouters.
19:06 of 3rd period - Shot Blocked by Pavel Dorofeyev.
19:08 of 3rd period - Snap shot by Phil Di Giuseppe.
19:08 of 3rd period - Shot Misses the Net.
19:10 of 3rd period - Slapshot by Dean Stewart.
19:10 of 3rd period - Deflect By Phil Di Giuseppe.
19:10 of 3rd period - Shot Misses the Net.
19:10 of 3rd period - Puck is out of play.
19:11 of 3rd period - Mitchell Stephens wins face-off versus Phil Di Giuseppe in Checkers 1 zone.
19:11 of 3rd period - Mitchell Stephens is hit by Steven Santini.
19:46 of 3rd period - Wrist shot by Chase Wouters.
19:46 of 3rd period - Stopped by Ryan Bednard without a rebound.
19:47 of 3rd period - Kyle MacLean wins face-off versus Pavel Dorofeyev in Checkers 1 zone.
19:48 of 3rd period - Snap shot by Garrett Wilson.
19:48 of 3rd period - Shot Blocked by Tobias Bjornfot.
19:56 of 3rd period - Wrist shot by Pavel Dorofeyev.
19:56 of 3rd period - Shot Misses the Net.
19:58 of 3rd period - Slapshot by Sean Day.
19:58 of 3rd period - Stopped by Malcolm Subban with a rebound.
Goals for this period are 0 for Checkers 1 vs 4 for Phantoms.
Shots for this period are 11 for Checkers 1 vs 12 for Phantoms.